Map: Odyssey LE

Players

KebabKing (SpaceMarine)

  • Race: Protoss Protoss
  • Spawn Location: 11:00

Ziggy - Winner!

  • Race: Terran Terran
  • Spawn Location: 5:00

Event: WCS Jonkoping 2017

VOD

Have the link to the VOD?

Description

Time

  • Played on: June 17, 2017, 12:15 p.m.
  • Length: 11:36

All games in this series

Show
View Real Time Build Order
Export as new Build Order

KebabKing Protoss 

Build Orders: Zealot Archon 

Get SALT Encoding   

  12  0:00  Probe (Chrono Boost)  
  13  0:11  Probe (Chrono Boost)  
  14  0:17  Pylon  
  14  0:22  Probe (Chrono Boost)  
  15  0:35  Probe (Chrono Boost)  
  16  0:36  Gateway  
  16  0:41  Assimilator  
  16  0:46  Probe (Chrono Boost)  
  17  0:51  Assimilator  
  18  0:57  Probe (Chrono Boost)  
  18  1:07  Probe (Chrono Boost)  
  19  1:18  Probe (Chrono Boost)  
  20  1:23  Cybernetics Core  
  20  1:29  Probe (Chrono Boost)  
  21  1:37  Pylon  
  21  1:39  Probe (Chrono Boost)  
  22  1:50  Probe (Chrono Boost)  
  23  2:00  Robotics Facility  
  24  2:02  Mothership Core (Chrono Boost)  
  24  2:04  Adept (Chrono Boost)  
  24  2:06  Warp Gate  
  27  2:14  Pylon  
  27  2:20  Probe (Chrono Boost)  
  30  2:30  Stalker (Chrono Boost)  
  30  2:47  Immortal (Chrono Boost)  
  34  3:07  Nexus  
  34  3:22  Immortal (Chrono Boost)  
  38  3:29  Pylon  
  38  3:31  Probe  
  37  3:44  Probe  
  37  3:48  Gateway  
  38  3:49  Gateway  
  38  3:55  Pylon  
  38  3:58  Probe  
  39  4:13  Probe  
  40  4:21  Probe  
  37  4:26  Probe  
  38  4:31  Probe  
  38  4:34  Twilight Council  
  38  4:38  Probe  
  40  4:41  Sentry  
  40  4:42  Probe  
  40  4:45  Pylon, Sentry x2  
  47  4:49  Probe  
  47  4:52  Probe  
  48  4:53  Pylon  
  49  5:00  Probe  
  49  5:03  Probe  
  51  5:08  Robotics Facility  
  51  5:10  Resonating Glaives, Probe  
  51  5:13  Probe, Dark Shrine  
  52  5:17  Assimilator  
  52  5:19  Assimilator  
  52  5:21  Probe  
  53  5:24  Probe  
  55  5:31  Probe  
  55  5:34  Probe  
  56  5:40  Pylon  
  56  5:42  Probe  
  57  5:45  Probe  
  57  5:46  Pylon  
  57  5:47  Pylon  
  59  5:53  Gateway  
  59  5:55  Gateway  
  59  5:58  Warp Prism (Chrono Boost)  
  61  6:05  Gateway  
  61  6:11  Pylon  
  61  6:13  Adept x2  
  61  6:17  Adept  
  61  6:18  Probe  
  67  6:20  Probe  
  69  6:30  Observer (Chrono Boost)  
  70  6:39  Gateway  
  70  6:52  Dark Templar  
  70  6:53  Dark Templar x2  
  76  6:55  Dark Templar  
  78  7:08  Adept x2  
  78  7:10  Immortal (Chrono Boost)  
  78  7:15  Archon  
  86  7:16  Archon  
  86  7:20  Pylon  
  86  7:26  Adept x3  
  86  7:29  Adept x3  
  69  7:56  Probe  
  69  7:58  Probe, Adept x4  
  65  7:59  Adept x3  
  79  8:07  Nexus  
  79  8:10  Probe  
  79  8:11  Probe  
  81  8:14  Forge  
  77  8:21  Probe  
  77  8:22  Pylon  
  77  8:23  Probe  
  77  8:25  Adept x2  
  77  8:26  Adept x2  
  87  8:28  Adept  
  87  8:31  Probe  
  90  8:46  Adept  
  90  8:47  Adept x4  
  100  8:56  Protoss Ground Weapons Level 1 (Chrono Boost)  
  100  9:04  Adept x2  
  100  9:08  Adept  
  100  9:09  Adept  
  108  9:14  Adept  
  100  9:24  Immortal  
  82  9:47  Adept x4  
  82  9:51  Adept x2  
  82  9:52  Adept  
  84  9:58  Immortal  
  84  10:00  Templar Archives  
  88  10:08  Adept x4  
  96  10:19  Adept x3  
  102  10:23  Nexus  
  101  10:29  Adept  
  101  10:30  Adept x2  
  101  10:31  Adept  
  81  10:50  Adept x3  
  81  10:51  Adept x3  
  89  11:01  Adept  
  87  11:21  Adept x3  
  87  11:22  Adept x4  
Show
View Real Time Build Order
Export as new Build Order

Ziggy Terran - Winner!

Build Orders: Cyclone Opening, MMM Bio 

Get SALT Encoding   

  12  0:00  SCV  
  13  0:12  SCV  
  14  0:17  Supply Depot  
  14  0:24  SCV  
  15  0:29  Refinery  
  15  0:39  SCV  
  16  0:44  Barracks  
  16  0:51  SCV  
  17  1:03  SCV  
  18  1:15  SCV  
  19  1:32  Marine  
  19  1:33  Orbital Command  
  20  1:47  Factory  
  20  1:54  Supply Depot  
  20  1:56  Barracks Reactor  
  20  2:03  SCV  
  21  2:15  Command Center  
  21  2:20  SCV  
  22  2:31  Cyclone  
  22  2:33  Marine x2  
  27  2:38  SCV  
  28  2:46  Supply Depot  
  28  2:50  Marine x2  
  30  3:01  SCV  
  31  3:07  Cyclone  
  31  3:08  Marine  
  31  3:09  Marine  
  36  3:13  SCV  
  37  3:25  SCV, Refinery  
  37  3:28  Marine x2  
  38  3:42  Cyclone  
  38  3:45  Orbital Command  
  38  3:46  Marine x2  
  43  3:54  SCV, Barracks  
  44  3:58  Supply Depot  
  44  4:04  Marine x2  
  44  4:09  SCV  
  47  4:19  Orbital Command  
  47  4:22  Marine x2  
  50  4:29  Starport  
  49  4:31  Barracks  
  49  4:34  Factory Tech Lab  
  49  4:37  SCV  
  50  4:40  Barracks Tech Lab  
  50  4:44  Marine x2  
  52  4:46  SCV  
  52  4:51  SCV  
  54  4:55  Siege Tank  
  54  4:58  Supply Depot  
  57  5:02  Stimpack  
  57  5:04  SCV  
  58  5:07  SCV  
  58  5:12  Supply Depot  
  58  5:14  Refinery  
  59  5:17  SCV  
  59  5:19  SCV  
  59  5:20  Barracks Tech Lab  
  61  5:22  Starport Reactor  
  60  5:30  SCV  
  60  5:31  SCV  
  65  5:35  Siege Tank  
  65  5:40  Marine x2, Engineering Bay  
  67  5:43  SCV  
  67  5:46  SCV  
  67  5:47  Marine  
  67  5:49  Marine  
  71  5:55  SCV  
  72  5:58  SCV, Medivac  
  72  6:02  Medivac  
  77  6:05  Supply Depot  
  77  6:07  SCV  
  78  6:15  Missile Turret  
  78  6:16  Missile Turret  
  78  6:20  Supply Depot  
  78  6:27  Marine x2  
  78  6:30  Siege Tank  
  83  6:35  SCV x2  
  84  6:47  Marine x3  
  87  6:55  Medivac, Supply Depot  
  87  6:56  Supply Depot  
  87  6:59  Marine  
  90  7:02  Siege Tank  
  90  7:04  Marine  
  94  7:14  Supply Depot  
  94  7:15  Supply Depot  
  93  7:16  Medivac, Terran Infantry Weapons Level 1  
  93  7:17  SCV  
  93  7:18  Refinery  
  93  7:22  Marine x3  
  99  7:30  SCV x2  
  101  7:39  Marine x2  
  101  7:40  Marine  
  101  7:42  Marine  
  105  7:50  Medivac  
  96  7:57  Marine x3  
  91  8:00  Marine  
  88  8:07  Command Center  
  86  8:15  Marine x3  
  86  8:18  Marine, Barracks x2  
  87  8:26  Combat Shields  
  87  8:27  Concussive Shells  
  87  8:33  Marine x2  
  87  8:34  Marauder  
  91  8:36  SCV x2  
  91  8:37  Marine  
  94  8:47  Siege Tank  
  97  8:48  SCV x2  
  97  8:51  Marine x2  
  97  8:55  Marauder  
  103  9:04  Engineering Bay, Armory  
  103  9:05  Barracks Tech Lab x2  
  103  9:09  Marauder  
  105  9:10  Marine x2  
  105  9:16  Marauder  
  109  9:22  Ghost Academy  
  107  9:28  Marine x2  
  107  9:31  Marauder, Marine x2  
  111  9:35  Orbital Command  
  111  9:38  Marauder  
  111  9:45  Marine x2  
  111  9:49  Marauder  
  109  9:52  Ghost  
  109  9:53  Ghost  
  113  10:03  Orbital Command  
  113  10:04  Ghost  
  115  10:16  Marine x3  
  118  10:23  Marine x2  
  120  10:33  Marine x2  
  120  10:34  Marauder, Marine  
  125  10:41  Marine x2  
  112  10:51  Marine x3  
  112  10:54  Medivac x2  
  112  10:56  Marauder  
  121  10:59  Marauder, Marine  
  121  11:02  SCV x2  
  123  11:09  Marine x3  
  126  11:16  Marine  
  126  11:17  Marine  
Tags
 
Add a new tag
Caveats
  • Supply blocks, unpowered buildings, or Contaminate may cause inaccurate times.
  • Supply counts are checked every 10 seconds.